 Dungeon Crawl Stone Soup version 0.24-a0-250-g6074511 (webtiles) character file.

Game seed: 16375073999284082316

88 Borgoz the Cutter (level 4, -10/27 HPs)
             Began as a Kobold Gladiator on Apr 15, 2019.
             Mangled by Sigmund
             ... wielding a +0 scythe
              (12 damage)
             ... on level 3 of the Dungeon.
             The game lasted 00:03:09 (1510 turns).

Borgoz the Cutter (Kobold Gladiator)                Turns: 1510, Time: 00:03:10

Health: -10/27     AC:  6    Str: 14    XL:     4   Next: 82%
Magic:  4/4        EV: 15    Int:  9    God:
Gold:   117        SH:  0    Dex: 16    Spells: 3/3 levels left

rFire    . . .     SeeInvis .   l - +2 dagger (vamp)
rCold    . . .     Gourm    .   (shield restricted)
rNeg     . . .     Faith    .   i - +0 ring mail
rPois    .         Spirit   .   c - +0 helmet
rElec    .         Reflect  .   (no cloak)
rCorr    .         Harm     .   (no gloves)
MR       .....                  (no boots)
Stlth    ..........             (no amulet)
HPRegen  0.09/turn              o - +2 ring of strength
MPRegen  0.09/turn              (no ring)

@: confused
A: small, carnivore
a: no special abilities


You were on level 3 of the Dungeon.
You were completely stuffed.

You visited 1 branch of the dungeon, and saw 3 of its levels.

You collected 117 gold pieces.

Inventory:

Hand Weapons
 a - a +0 rapier
 l - a +2 vampiric dagger (weapon)
Armour
 c - a +0 helmet (worn)
 i - a +0 ring mail (worn)
Jewellery
 o - a +2 ring of strength (left hand)
Scrolls
 b - a scroll of remove curse {unknown}
 e - a scroll of magic mapping {unknown}
 g - 2 scrolls of immolation {unknown}
 h - 5 scrolls of identify {unknown}
 j - 2 scrolls of amnesia {unknown}
 m - a scroll of noise {unknown}
Comestibles
 f - 6 rations
 k - 3 chunks of flesh


   Skills:
 + Level 2.9 Fighting
 + Level 5.1 Short Blades
 - Level 2.1 Throwing
 + Level 1.4 Armour
 + Level 4.2 Dodging
 + Level 0.1 Stealth


You had 3 spell levels left.
You didn't know any spells.
Your spell library was empty.

Dungeon Overview and Level Annotations

Branches:
Dungeon (3/15)

Altars:

Annotations:
D:3 Sigmund


Innate Abilities, Weirdness & Mutations

You are small and have problems with some larger weapons.
You are carnivorous and can eat meat at any time.


Message History

You feel less confused. Sigmund hits you with a +0 scythe!
* * * LOW HITPOINT WARNING * * *
You aren't carrying any potions.
Throwing (i - inventory)
d - a throwing net (quivered)
Press: ? - help, Shift-Dir - straight line, f/p - Sigmund
Aim: Sigmund, wielding a +0 scythe and wearing a +0 robe (unusually strong)
You throw a throwing net.
The throwing net closely misses Sigmund.
Sigmund gestures at you while chanting. The puff of flame hits you!
* * * LOW HITPOINT WARNING * * *
You hit Sigmund.
You feel better.
Sigmund is lightly wounded.
You hit Sigmund but do no damage.
Sigmund is lightly wounded.
Sigmund points at you and mumbles some strange words.
You are confused.
Sigmund hits you from afar with a +0 scythe!
You die...

$# #...........
....#...........
#.#.#.........##.
#................
......#......$..
.....(.........
#.@......#.#.
##............
#...@$.........
###...#....<..#.#
...........#.....
#..............#
#.##.......#..##.#
#. #.###..........
...(. #......###.#
##.##. #.##.###
#.. ..##.##.##.#


You could see Sigmund.

Vanquished Creatures
  3 adders (D:2)
  2 worms
  2 dart slugs (D:1)
  2 leopard geckos
  4 goblins
  8 hobgoblins
  4 jackals (D:2)
  5 bats
  4 frilled lizards
  6 kobolds
  12 rats
52 creatures vanquished.

Notes
Turn   | Place    | Note
-------+----------+-------------------------------------------
     0 | D:1      | Borgoz the Kobold Gladiator began the quest for the Orb.
     0 | D:1      | Reached XP level 1. HP: 12/12 MP: 1/1
    85 | D:1      | Reached XP level 2. HP: 9/18 MP: 2/2
   764 | D:1      | Reached XP level 3. HP: 22/22 MP: 3/3
   983 | D:2      | Reached skill level 1 in Armour
  1102 | D:2      | Reached XP level 4. HP: 27/27 MP: 4/4
  1273 | D:2      | Reached skill level 5 in Short Blades
  1495 | D:3      | Noticed Sigmund
  1507 | D:3      | HP: 1/27 [Sigmund/puff of flame (7)]
  1510 | D:3      | Mangled by Sigmund

Levels and vault maps discovered:
D:1:      minmay_arrival_cross, layout_basic, st_stairs_1,
          minmay_strange_pillars
D:2:      layout_basic, first_ration, minmay_rat_gold_closets
D:3:      layout_basic, nicolae_ashenzari_panopticon,
          hangedman_decor_clover_reticule, uniq_sigmund

Skill      XL: |  1  2  3  4 |
---------------+-------------+-----
Dodging        | 4 |  4.2
Armour         | 1 |  1.4
Short Blades   | 5 |  5.1
Fighting       | |  2.9
Throwing       | |  2.1
Stealth        | |  0.1

Action                   |  1- 3 |  4- 6 || total
-------------------------+-------+-------++-------
Melee: Rapier            |    58 |       ||    58
       Dagger            |    45 |    99 ||   144
Throw: Throwing net      |     2 |     2 ||     4
  Use: Potion            |       |     1 ||     1
  Eat: Chunk             |    14 |     1 ||    15
Armor: Leather armour    |     2 |       ||     2
       Ring mail         |    24 |    20 ||    44
Dodge: Dodged            |    75 |    60 ||   135

Table legend:
 A = Non-vault XP
 B = Vault XP
 C = Vault XP percentage of total XP
 D = Non-vault monster count
 E = Vault monster count
 F = Vault count percentage of total count
                 A         B        C        D         E       F
            +---------+---------+-------+---------+---------+-------
      Total |     115 |      12 |   9.4 |      41 |      11 |  21.2
            +---------+---------+-------+---------+---------+-------
        D:1 |      33 |       3 |   8.3 |      19 |       2 |   9.5
        D:2 |      75 |       9 |  10.7 |      20 |       9 |  31.0
        D:3 |       7 |       0 |   0.0 |       2 |       0 |   0.0
            +---------+---------+-------+---------+---------+-------
